Harfangs vs Atomiques

Created - 21 décembre 2014 at 20:33

Goals
1 2 3 T
Harfangs 1 2 0 3
Atomiques 0 1 0 1
Shots
1 2 3 T
Harfangs 13 9 5 27
Atomiques 13 8 15 36

1st period

1. Harfangs , Chris Kreider 16 (Petri Kontiola, Stefan Ruzicka) at 14:41

Penalties :
Alex Killorn (BEA) for Hooking (Minor) at 7:30, Roman Wick (BEA) for Hooking (Minor) at 16:11

2nd period

2. Harfangs , Craig Smith 10 (Michal Repik, Alexandre Picard) at 10:48
3. Harfangs , Peter Olvecky 19 (James Wisniewski, Alexandre Picard) at 13:46 (PP)
4. Atomiques , Logan Couture 26 (John McCarthy) at 17:04 (SH)

Penalties :
Chris Kreider (BEA) for Hooking (Minor) at 6:01, Logan Couture (STB) for Roughing (Minor) at 11:52, Linus Omark (STB) for Hooking (Minor) at 15:14, Linus Omark (STB) for Tripping (Minor) at 18:57

3rd period

No Goal

Penalties :
Chris Kreider (BEA) for Interference (Minor) at 4:24, Stefan Ruzicka (BEA) for Interference (Minor) at 13:11, Linus Omark (STB) for Holding (Minor) at 16:54

Goalie Stats

Robin Lehner (BEA), 35 saves from 36 shots - (0,972), W, 14-7-2, 60:00 minutes
Sergei Bobrovsky (STB), 24 saves from 27 shots - (0,889), L, 4-10-2, 60:00 minutes

Players Stats for Harfangs

Player Name              G  A  P  +/- PIM S  H  SB GA TA FO     MP     PP MP  PK MP  
------------------------------------------------------------------------------------
Alex Killorn             0  0  0  -1  2   1  4  0  0  0  7/11   15:05   3:13   0:12 
Alexandre Picard         0  2  2   1  0   2  1  1  1  1  0/0    27:49   5:29   6:19 
Andrew Orpik             0  0  0   0  0   0  0  0  0  0  0/0    12:25   0:00   0:00 
Chris Kreider            1  0  1   1  4   5  3  2  1  0  0/1    22:21   4:17   3:05 
Craig Smith              1  0  1   1  0   1  0  0  0  0  2/2     6:42   0:15   0:38 
Drew Shore               0  0  0   0  0   1  3  0  0  0  2/6    12:26   0:00   3:03 
Dustin Jeffrey           0  0  0   0  0   1  2  0  0  1  0/0     8:29   0:00   2:29 
James Wisniewski         0  1  1   1  0   2  0  3  0  1  0/0    26:44   5:29   3:36 
Kyle Palmieri            0  0  0   0  0   1  0  0  0  0  0/0     6:37   0:03   0:00 
Mark Giordano            0  0  0   0  0   2  1  0  2  0  0/0    23:00   2:22   6:19 
Michal Repik             0  1  1   1  0   1  0  0  0  0  0/0    10:08   0:06   0:00 
Peter Olvecky            1  0  1  -1  0   4  1  0  0  0  0/2    17:15   3:13   2:13 
Petri Kontiola           0  1  1   1  0   2  3  0  0  0  20/38  24:29   4:35   5:15 
Roman Wick               0  0  0  -1  2   1  0  1  0  0  0/0    14:31   3:13   0:00 
Sasha Pokulok            0  0  0   0  0   0  0  1  0  1  0/0    15:05   0:00   3:36 
Stefan Ruzicka           0  1  1   1  2   1  2  0  1  0  1/1    18:40   4:35   0:00 
Tomas Tatar              0  0  0   1  0   2  1  1  0  0  0/0    13:17   0:03   2:55 
Victor Bartley           0  0  0   0  0   0  1  1  0  1  0/0    14:57   2:22   0:00 

Players Stats for Atomiques

Player Name              G  A  P  +/- PIM S  H  SB GA TA FO     MP     PP MP  PK MP  
------------------------------------------------------------------------------------
Alexander Sulzer         0  0  0   0  0   2  0  1  0  0  0/0    27:33   6:05   4:48 
Alexandre Daigle         0  0  0   0  0   4  2  1  0  0  1/1    18:48   5:20   0:00 
Andrew Kozek             0  0  0  -1  0   1  1  0  0  0  0/2    15:22   0:10   4:35 
Brad Winchester          0  0  0   0  0   3  1  0  0  0  1/1    16:54   4:25   2:07 
Brett Sutter             0  0  0  -1  0   1  1  0  0  0  1/3    11:55   0:00   1:54 
Casey Borer              0  0  0  -1  0   0  0  1  0  1  0/0    10:16   0:00   0:00 
Clayton Stoner           0  0  0   0  0   1  0  0  0  2  0/0    22:11   3:50   3:03 
Davis Drewiske           0  0  0   0  0   1  0  2  0  0  0/0    27:33   6:05   4:48 
Drew Larman              0  0  0  -1  0   1  0  0  0  0  2/8     7:23   0:00   0:00 
John McCarthy            0  1  1   0  0   4  1  0  1  1  0/0     7:56   0:00   0:15 
John Zeiler              0  0  0   0  0   2  2  0  0  0  0/1    15:36   4:25   0:25 
Kyle Wharton             0  0  0   0  0   0  2  0  0  0  0/0    22:11   3:50   3:03 
Linus Omark              0  0  0   0  6   7  1  0  1  0  2/2    20:03   5:20   0:54 
Logan Couture            1  0  1   1  2   2  0  1  1  0  14/26  18:55   5:20   0:15 
Nick Johnson             0  0  0  -1  0   3  2  0  0  0  0/0     8:09   0:10   0:00 
Ryan Shannon             0  0  0  -1  0   2  1  0  1  0  0/0    10:45   0:10   0:00 
Scott Jackson            0  0  0  -1  0   1  1  1  0  1  0/0    10:16   0:00   0:00 
Tyler Brenner            0  0  0   0  0   1  1  1  1  0  8/17   20:19   4:25   5:17 

3 Stars

1 - Robin Lehner (BEA)
2 - Alexandre Picard (BEA)
3 - Craig Smith (BEA)

Power Play

Harfangs - 1 on 4 Attempt(s) - 25,00%
Atomiques - 0 on 5 Attempt(s) - 0,00%

Penalty Kill

Harfangs - 5 on 5 Attempt(s) - 100,00% - Score 0 goal in Penalty Kill
Atomiques - 3 on 4 Attempt(s) - 75,00% - Score 1 goal in Penalty Kill

Official

Referees : Hebert Ghislain and Marouelli Dan
Linesman : Andy McElman and Mike Cvik

Game Notes

Craig Smith is injured at 13:10 of 2nd period (Left Leg)

Finance

Level 1 -- Attendance: 1532 (76,60%) -- Ticket Income 53 620 $
Level 2 -- Attendance: 709 (70,90%) -- Ticket Income 10 635 $
Total Attendance: 2241 (74,70%)
Total Ticket Income: 64 255 $
Other Income: 3 213 $
Total Income: 67 468 $

Harfangs

5 vs 5 Forward 
   Center                   Left Wing                Right Wing               Time % Phy DF OF 
 1 Petri Kontiola           Chris Kreider            Stefan Ruzicka           40     1   2  2  
 2 Alex Killorn             Peter Olvecky            Roman Wick               30     1   2  2  
 3 Craig Smith              Tomas Tatar              Michal Repik             20     1   2  2  
 4 Drew Shore               Dustin Jeffrey           Kyle Palmieri            10     1   2  2  

5 vs 5 Defense 
   Defense                  Defense                                           Time % Phy DF OF 
 1 Alexandre Picard         James Wisniewski                                  40     1   2  2  
 2 Mark Giordano            Victor Bartley                                    30     1   2  2  
 3 Andrew Orpik             Sasha Pokulok                                     20     1   2  2  
 4 Mark Giordano            James Wisniewski                                  10     1   2  2  

PowerPlay Forward 
   Center                   Left Wing                Right Wing               Time % Phy DF OF 
 1 Petri Kontiola           Chris Kreider            Stefan Ruzicka           60     1   2  2  
 2 Alex Killorn             Peter Olvecky            Roman Wick               40     1   2  2  

PowerPlay Defense
   Defense                  Defense                                           Time % Phy DF OF 
 1 Alexandre Picard         James Wisniewski                                  60     1   2  2  
 2 Mark Giordano            Victor Bartley                                    40     1   2  2  

Penalty Kill 4 Players Forward 
   Center                   Wing                     Time % Phy DF OF 
 1 Petri Kontiola           Chris Kreider            60     1   2  2  
 2 Drew Shore               Dustin Jeffrey           40     1   2  2  

Penalty Kill 4 Players Defense
   Defense                  Defense                  Time % Phy DF OF 
 1 Mark Giordano            Alexandre Picard         60     1   2  2  
 2 Sasha Pokulok            James Wisniewski         40     1   2  2  

Penalty Kill - 3 Players Forward 
   Forward                                           Time % Phy DF OF 
 1 Petri Kontiola                                    60     1   2  2  
 2 Drew Shore                                        40     1   2  2  

Penalty Kill - 3 Players Defense
   Defense                  Defense                  Time % Phy DF OF 
 1 Mark Giordano            Alexandre Picard         60     1   2  2  
 2 Sasha Pokulok            James Wisniewski         40     1   2  2  

4 vs 4 Forward 
   Center                   Wing                     Time % Phy DF OF 
 1 Stefan Ruzicka           Petri Kontiola           60     1   2  2  
 2 Alex Killorn             Peter Olvecky            40     1   2  2  

4 vs 4 Defense
   Defense                  Defense                  Time % Phy DF OF 
 1 Alexandre Picard         Mark Giordano            60     1   2  2  
 2 Sasha Pokulok            James Wisniewski         40     1   2  2  

Last Minutes Offensive
   Center                   Left Wing                Right Wing               Defense                  Defense                  
   Petri Kontiola           Chris Kreider            Stefan Ruzicka           Mark Giordano            James Wisniewski         

Last Minutes Defensive
   Center                   Left Wing                Right Wing               Defense                  Defense                  
   Petri Kontiola           Peter Olvecky            Stefan Ruzicka           Mark Giordano            Alexandre Picard         

Goaltenders
Starting : Robin Lehner             
Backup : Darcy Kuemper            

Extra Forwards
Normal : Craig Smith, Michal Repik, Tomas Tatar - PP : Craig Smith, Michal Repik - PK : Tomas Tatar
Extra Defensemen
Normal : Mark Giordano, James Wisniewski, Alexandre Picard - PP : Victor Bartley - PK : Mark Giordano, Alexandre Picard
Penalty Shots
Craig Smith, Peter Olvecky, Alexandre Picard, James Wisniewski, Tomas Tatar

Atomiques

5 vs 5 Forward 
   Center                   Left Wing                Right Wing               Time % Phy DF OF 
 1 Logan Couture            Linus Omark              Alexandre Daigle         40     1   2  2  
 2 Tyler Brenner            Brad Winchester          John Zeiler              30     1   2  2  
 3 Brett Sutter             Andrew Kozek             Ryan Shannon             20     1   2  2  
 4 Drew Larman              John McCarthy            Nick Johnson             10     1   2  2  

5 vs 5 Defense 
   Defense                  Defense                                           Time % Phy DF OF 
 1 Alexander Sulzer         Davis Drewiske                                    40     1   2  2  
 2 Clayton Stoner           Kyle Wharton                                      30     1   2  2  
 3 Casey Borer              Scott Jackson                                     20     1   2  2  
 4 Alexander Sulzer         Davis Drewiske                                    10     1   2  2  

PowerPlay Forward 
   Center                   Left Wing                Right Wing               Time % Phy DF OF 
 1 Logan Couture            Linus Omark              Alexandre Daigle         60     1   2  2  
 2 Tyler Brenner            Brad Winchester          John Zeiler              40     1   2  2  

PowerPlay Defense
   Defense                  Defense                                           Time % Phy DF OF 
 1 Alexander Sulzer         Davis Drewiske                                    60     1   2  2  
 2 Clayton Stoner           Kyle Wharton                                      40     1   2  2  

Penalty Kill 4 Players Forward 
   Center                   Wing                     Time % Phy DF OF 
 1 Tyler Brenner            Linus Omark              60     1   2  2  
 2 Brad Winchester          John Zeiler              40     1   2  2  

Penalty Kill 4 Players Defense
   Defense                  Defense                  Time % Phy DF OF 
 1 Alexander Sulzer         Davis Drewiske           60     1   2  2  
 2 Clayton Stoner           Kyle Wharton             40     1   2  2  

Penalty Kill - 3 Players Forward 
   Forward                                           Time % Phy DF OF 
 1 Brad Winchester                                   60     1   2  2  
 2 Linus Omark                                       40     1   2  2  

Penalty Kill - 3 Players Defense
   Defense                  Defense                  Time % Phy DF OF 
 1 Alexander Sulzer         Davis Drewiske           60     1   2  2  
 2 Clayton Stoner           Kyle Wharton             40     1   2  2  

4 vs 4 Forward 
   Center                   Wing                     Time % Phy DF OF 
 1 Logan Couture            Linus Omark              60     1   2  2  
 2 Tyler Brenner            John Zeiler              40     1   2  2  

4 vs 4 Defense
   Defense                  Defense                  Time % Phy DF OF 
 1 Alexander Sulzer         Davis Drewiske           60     1   2  2  
 2 Clayton Stoner           Kyle Wharton             40     1   2  2  

Last Minutes Offensive
   Center                   Left Wing                Right Wing               Defense                  Defense                  
   Logan Couture            Brad Winchester          Alexandre Daigle         Alexander Sulzer         Davis Drewiske           

Last Minutes Defensive
   Center                   Left Wing                Right Wing               Defense                  Defense                  
   Logan Couture            Brad Winchester          Alexandre Daigle         Alexander Sulzer         Davis Drewiske           

Goaltenders
Starting : Sergei Bobrovsky         
Backup : Alex Auld                

Extra Forwards
Normal : Ryan Shannon, Nick Johnson, Andrew Kozek - PP : Ryan Shannon, Nick Johnson - PK : Andrew Kozek
Extra Defensemen
Normal : Casey Borer, Scott Jackson, Clayton Stoner - PP : Casey Borer - PK : Scott Jackson, Clayton Stoner
Penalty Shots
Brad Winchester, Linus Omark, Alexandre Daigle, John Zeiler, Logan Couture

% Time on Ice - Harfangs

Lines # - Real PCT - Wanted PCT - Time Play
Normal Forward
1 - 37% - 40% - 15:30
2 - 27% - 30% - 11:14
3 - 23% - 20% - 9:36
4 - 14% - 10% - 5:54
Normal Defense
1 - 39% - 40% - 16:25
2 - 30% - 30% - 12:44
3 - 27% - 20% - 11:20
4 - 4% - 10% - 1:45
PP Forward
1 - 59% - 60% - 4:38
2 - 41% - 40% - 3:13
PP Defense
1 - 70% - 60% - 5:29
2 - 30% - 40% - 2:22
PK Forward
1 - 77% - 60% - 7:40
2 - 23% - 40% - 2:15
PK Defense
1 - 64% - 60% - 6:19
2 - 36% - 40% - 3:36
PK3 Forward
1 - 0% - 60%
2 - 0% - 40%
PK3 Defense
1 - 0% - 60%
2 - 0% - 40%
44 Forward
1 - 0% - 60%
2 - 0% - 40%
44 Defense
1 - 0% - 60%
2 - 0% - 40%
Last Minute Offensive  - 0:00
Last Minute Defensive  - 0:00
Total
Forward - 60:00
Defense - 60:00

% Time on Ice - Atomiques

Lines # - Real PCT - Wanted PCT - Time Play
Normal Forward
1 - 33% - 40% - 14:04
2 - 26% - 30% - 10:53
3 - 23% - 20% - 9:54
4 - 17% - 10% - 7:23
Normal Defense
1 - 39% - 40% - 16:22
2 - 36% - 30% - 15:18
3 - 24% - 20% - 10:16
4 - 1% - 10% - 0:18
PP Forward
1 - 55% - 60% - 5:30
2 - 45% - 40% - 4:25
PP Defense
1 - 61% - 60% - 6:05
2 - 39% - 40% - 3:50
PK Forward
1 - 95% - 60% - 7:26
2 - 5% - 40% - 0:25
PK Defense
1 - 61% - 60% - 4:48
2 - 39% - 40% - 3:03
PK3 Forward
1 - 0% - 60%
2 - 0% - 40%
PK3 Defense
1 - 0% - 60%
2 - 0% - 40%
44 Forward
1 - 0% - 60%
2 - 0% - 40%
44 Defense
1 - 0% - 60%
2 - 0% - 40%
Last Minute Offensive  - 0:00
Last Minute Defensive  - 0:00
Total
Forward - 60:00
Defense - 60:00

Play by Play

1st period


0:01 of 1st period - Petri Kontiola wins face-off versus Logan Couture in neutral zone.
0:04 of 1st period - Snap shot by Chris Kreider.
0:04 of 1st period - Shot Misses the Net.
0:06 of 1st period - Wrist shot by Chris Kreider.
0:06 of 1st period - Stopped by Sergei Bobrovsky without a rebound.
0:07 of 1st period - Logan Couture wins face-off versus Petri Kontiola in Atomiques zone.
0:14 of 1st period - Alexandre Picard is hit by Alexandre Daigle and loses puck.
1:45 of 1st period - Stefan Ruzicka is hit by John McCarthy and loses puck.
2:08 of 1st period - Wrist shot by Alex Killorn.
2:08 of 1st period - Shot Misses the Net.
2:12 of 1st period - Slapshot by Peter Olvecky.
2:12 of 1st period - Stopped by Sergei Bobrovsky with a rebound.
2:31 of 1st period - Wrist shot by Alexandre Daigle.
2:31 of 1st period - Shot Misses the Net.
2:39 of 1st period - Kyle Wharton is hit by Drew Shore.
3:01 of 1st period - Wrist shot by Andrew Kozek.
3:01 of 1st period - Shot Misses the Net.
3:13 of 1st period - Ryan Shannon is hit by Alex Killorn and loses puck.
3:36 of 1st period - Ryan Shannon is hit by Stefan Ruzicka and loses puck.
3:45 of 1st period - Wrist shot by Ryan Shannon.
3:45 of 1st period - Shot Misses the Net.
3:47 of 1st period - Wrist shot by Brett Sutter.
3:47 of 1st period - Stopped by Robin Lehner without a rebound.
3:48 of 1st period - Tyler Brenner wins face-off versus Alex Killorn in Harfangs zone.
3:49 of 1st period - Wrist shot by Brad Winchester.
3:49 of 1st period - Shot Misses the Net.
4:01 of 1st period - Wrist shot by Tyler Brenner.
4:01 of 1st period - Shot Blocked by Sasha Pokulok.
4:24 of 1st period - Snap shot by Roman Wick.
4:24 of 1st period - Shot Blocked by Scott Jackson.
4:26 of 1st period - Wrist shot by Andrew Orpik.
4:26 of 1st period - Shot Misses the Net.
4:28 of 1st period - Slapshot by Sasha Pokulok.
4:28 of 1st period - Shot Blocked by Tyler Brenner.
5:00 of 1st period - Off-side.
5:01 of 1st period - Logan Couture wins face-off versus Petri Kontiola in neutral zone.
5:04 of 1st period - Snap shot by Linus Omark.
5:04 of 1st period - Stopped by Robin Lehner without a rebound.
5:05 of 1st period - Logan Couture wins face-off versus Petri Kontiola in Harfangs zone.
5:16 of 1st period - Snap shot by Linus Omark.
5:16 of 1st period - Stopped by Robin Lehner without a rebound.
5:17 of 1st period - Alexandre Daigle wins face-off versus Petri Kontiola in Harfangs zone.
5:30 of 1st period - Petri Kontiola is hit by Alexandre Daigle and loses puck.
5:42 of 1st period - Icing by Petri Kontiola.
5:43 of 1st period - Craig Smith wins face-off versus Drew Larman in Harfangs zone.
6:09 of 1st period - Slapshot by James Wisniewski.
6:09 of 1st period - Deflect By Drew Shore.
6:09 of 1st period - Shot Misses the Net.
6:09 of 1st period - Puck is out of play.
6:10 of 1st period - Drew Shore wins face-off versus Logan Couture in Atomiques zone.
6:11 of 1st period - Snap shot by Dustin Jeffrey.
6:11 of 1st period - Stopped by Sergei Bobrovsky without a rebound.
6:12 of 1st period - Logan Couture wins face-off versus Drew Shore in Atomiques zone.
6:27 of 1st period - Snap shot by Linus Omark.
6:27 of 1st period - Stopped by Robin Lehner without a rebound.
6:28 of 1st period - Tyler Brenner wins face-off versus Petri Kontiola in Harfangs zone.
6:33 of 1st period - Snap shot by John Zeiler.
6:33 of 1st period - Stopped by Robin Lehner with a rebound.
7:30 of 1st period - Minor Penalty to Alex Killorn for Hooking.
7:31 of 1st period - Petri Kontiola wins face-off versus Logan Couture in Harfangs zone.
7:42 of 1st period - Wrist shot by Alexandre Daigle.
7:42 of 1st period - Deflect By Linus Omark.
7:42 of 1st period - Stopped by Robin Lehner without a rebound.
7:43 of 1st period - Logan Couture wins face-off versus Petri Kontiola in Harfangs zone.
7:56 of 1st period - Snap shot by Chris Kreider.
7:56 of 1st period - Shot Blocked by Davis Drewiske.
8:48 of 1st period - Drew Shore is hit by Linus Omark and loses puck.
9:30 of 1st period - Penalty to Alex Killorn is over, Alex Killorn is back on ice.
10:11 of 1st period - Andrew Kozek is hit by Drew Shore and loses puck.
10:19 of 1st period - Icing by Andrew Kozek.
10:20 of 1st period - Alex Killorn wins face-off versus Andrew Kozek in Atomiques zone.
10:31 of 1st period - Wrist shot by Alex Killorn.
10:31 of 1st period - Shot Misses the Net.
10:33 of 1st period - Slapshot by James Wisniewski.
10:33 of 1st period - Deflect By Peter Olvecky.
10:33 of 1st period - Stopped by Sergei Bobrovsky with a rebound.
10:49 of 1st period - Kyle Wharton is hit by Alexandre Picard and loses puck.
11:16 of 1st period - Sasha Pokulok is hit by John Zeiler and loses puck.
11:33 of 1st period - Sasha Pokulok is hit by Nick Johnson and loses puck.
13:00 of 1st period - Snap shot by Stefan Ruzicka.
13:00 of 1st period - Shot Blocked by Logan Couture.
13:02 of 1st period - Snap shot by Chris Kreider.
13:02 of 1st period - Stopped by Sergei Bobrovsky with a rebound.
13:25 of 1st period - Slapshot by Alexandre Picard.
13:25 of 1st period - Shot Misses the Net.
13:41 of 1st period - Scott Jackson is hit by Alex Killorn and loses puck.
13:48 of 1st period - Slapshot by Alex Killorn.
13:48 of 1st period - Stopped by Sergei Bobrovsky without a rebound.
13:49 of 1st period - Petri Kontiola wins face-off versus Tyler Brenner in Atomiques zone.
14:14 of 1st period - Kyle Wharton is hit by Peter Olvecky and loses puck.
14:21 of 1st period - Slapshot by Clayton Stoner.
14:21 of 1st period - Stopped by Robin Lehner without a rebound.
14:22 of 1st period - Petri Kontiola wins face-off versus Drew Larman in Harfangs zone.
14:31 of 1st period - Slapshot by Mark Giordano.
14:31 of 1st period - Stopped by Sergei Bobrovsky without a rebound.
14:32 of 1st period - Petri Kontiola wins face-off versus Drew Larman in Atomiques zone.
14:35 of 1st period - Wrist shot by Chris Kreider.
14:35 of 1st period - Stopped by Sergei Bobrovsky with a rebound.
14:37 of 1st period - Wrist shot by Petri Kontiola.
14:37 of 1st period - Stopped by Sergei Bobrovsky with a rebound.
14:39 of 1st period - Snap shot by Petri Kontiola.
14:39 of 1st period - Shot Misses the Net.
14:41 of 1st period - Snap shot by Chris Kreider.
14:41 of 1st period - Goal by Chris Kreider - Harfangs : 1 - Atomiques : 0.
14:42 of 1st period - Logan Couture wins face-off versus Petri Kontiola in neutral zone.
15:18 of 1st period - Slapshot by Alexander Sulzer.
15:18 of 1st period - Stopped by Robin Lehner without a rebound.
15:19 of 1st period - Petri Kontiola wins face-off versus Brett Sutter in Harfangs zone.
15:28 of 1st period - Slapshot by Mark Giordano.
15:28 of 1st period - Stopped by Sergei Bobrovsky without a rebound.
15:29 of 1st period - Brett Sutter wins face-off versus Petri Kontiola in Atomiques zone.
16:08 of 1st period - Slapshot by Ryan Shannon.
16:08 of 1st period - Stopped by Robin Lehner without a rebound.
16:09 of 1st period - Alex Killorn wins face-off versus Logan Couture in Harfangs zone.
16:11 of 1st period - Minor Penalty to Roman Wick for Hooking.
16:12 of 1st period - Petri Kontiola wins face-off versus Logan Couture in Harfangs zone.
16:26 of 1st period - Snap shot by Alexandre Daigle.
16:26 of 1st period - Stopped by Robin Lehner with a rebound.
16:28 of 1st period - Snap shot by Linus Omark.
16:28 of 1st period - Stopped by Robin Lehner without a rebound.
16:29 of 1st period - Petri Kontiola wins face-off versus Tyler Brenner in Harfangs zone.
17:04 of 1st period - Wrist shot by Logan Couture.
17:04 of 1st period - Shot Misses the Net.
18:11 of 1st period - Penalty to Roman Wick is over, Roman Wick is back on ice.
18:35 of 1st period - Slapshot by John McCarthy.
18:35 of 1st period - Stopped by Robin Lehner with a rebound.
18:50 of 1st period - Icing by Scott Jackson.
18:51 of 1st period - Craig Smith wins face-off versus Drew Larman in Atomiques zone.
18:52 of 1st period - Slapshot by James Wisniewski.
18:52 of 1st period - Stopped by Sergei Bobrovsky with a rebound.
18:58 of 1st period - Wrist shot by Nick Johnson.
18:58 of 1st period - Stopped by Robin Lehner without a rebound.
18:59 of 1st period - Petri Kontiola wins face-off versus John Zeiler in Harfangs zone.
19:55 of 1st period - Snap shot by Drew Shore.
19:55 of 1st period - Stopped by Sergei Bobrovsky without a rebound.
19:56 of 1st period - Linus Omark wins face-off versus Petri Kontiola in Atomiques zone.
Goals for this period are 1 for Harfangs vs 0 for Atomiques.
Shots for this period are 13 for Harfangs vs 13 for Atomiques.

2nd period


0:01 of 2nd period - Logan Couture wins face-off versus Petri Kontiola in neutral zone.
0:14 of 2nd period - Snap shot by Linus Omark.
0:14 of 2nd period - Shot Blocked by Chris Kreider.
0:16 of 2nd period - Snap shot by Alexandre Daigle.
0:16 of 2nd period - Shot Blocked by Alexandre Picard.
0:26 of 2nd period - Alexandre Picard is hit by Andrew Kozek and loses puck.
1:14 of 2nd period - Snap shot by John McCarthy.
1:14 of 2nd period - Stopped by Robin Lehner with a rebound.
1:37 of 2nd period - Off-side.
1:38 of 2nd period - Tyler Brenner wins face-off versus Peter Olvecky in neutral zone.
2:09 of 2nd period - Snap shot by Alexandre Daigle.
2:09 of 2nd period - Stopped by Robin Lehner with a rebound.
2:27 of 2nd period - Michal Repik is hit by Ryan Shannon.
2:46 of 2nd period - Off-side.
2:47 of 2nd period - Drew Larman wins face-off versus Drew Shore in neutral zone.
3:14 of 2nd period - Alexandre Daigle is hit by Chris Kreider and loses puck.
3:33 of 2nd period - Wrist shot by John Zeiler.
3:33 of 2nd period - Shot Blocked by Roman Wick.
4:37 of 2nd period - Dustin Jeffrey is hit by Scott Jackson and loses puck.
4:58 of 2nd period - Backhand shot by Roman Wick.
4:58 of 2nd period - Stopped by Sergei Bobrovsky with a rebound.
5:00 of 2nd period - Snap shot by Roman Wick.
5:00 of 2nd period - Shot Misses the Net.
5:02 of 2nd period - Snap shot by Andrew Orpik.
5:02 of 2nd period - Shot Blocked by Davis Drewiske.
5:39 of 2nd period - Off-side.
5:40 of 2nd period - Logan Couture wins face-off versus Petri Kontiola in neutral zone.
6:01 of 2nd period - Minor Penalty to Chris Kreider for Hooking.
6:02 of 2nd period - Petri Kontiola wins face-off versus Logan Couture in Harfangs zone.
7:23 of 2nd period - Davis Drewiske is hit by Dustin Jeffrey and loses puck.
7:54 of 2nd period - Mark Giordano is hit by Kyle Wharton.
8:01 of 2nd period - Penalty to Chris Kreider is over, Chris Kreider is back on ice.
8:51 of 2nd period - Slapshot by Chris Kreider.
8:51 of 2nd period - Shot Misses the Net.
8:53 of 2nd period - Wrist shot by Chris Kreider.
8:53 of 2nd period - Shot Misses the Net.
9:26 of 2nd period - Wrist shot by Ryan Shannon.
9:26 of 2nd period - Stopped by Robin Lehner without a rebound.
9:27 of 2nd period - Logan Couture wins face-off versus Alex Killorn in Harfangs zone.
9:32 of 2nd period - Snap shot by Alexandre Daigle.
9:32 of 2nd period - Deflect By Linus Omark.
9:32 of 2nd period - Stopped by Robin Lehner without a rebound.
9:33 of 2nd period - Alex Killorn wins face-off versus Logan Couture in Harfangs zone.
10:02 of 2nd period - James Wisniewski is hit by Brad Winchester and loses puck.
10:44 of 2nd period - Snap shot by Craig Smith.
10:44 of 2nd period - Shot Misses the Net.
10:46 of 2nd period - Snap shot by Michal Repik.
10:46 of 2nd period - Stopped by Sergei Bobrovsky with a rebound.
10:48 of 2nd period - Slapshot by Craig Smith.
10:48 of 2nd period - Goal by Craig Smith - Harfangs : 2 - Atomiques : 0.
10:49 of 2nd period - Logan Couture wins face-off versus Petri Kontiola in neutral zone.
11:08 of 2nd period - Davis Drewiske is hit by Chris Kreider and loses puck.
11:29 of 2nd period - Snap shot by Alexandre Daigle.
11:29 of 2nd period - Shot Blocked by Chris Kreider.
11:31 of 2nd period - Snap shot by Linus Omark.
11:31 of 2nd period - Shot Misses the Net.
11:33 of 2nd period - Snap shot by Logan Couture.
11:33 of 2nd period - Shot Blocked by Victor Bartley.
11:52 of 2nd period - Minor Penalty to Logan Couture for Roughing.
11:53 of 2nd period - Alex Killorn wins face-off versus Tyler Brenner in Atomiques zone.
12:05 of 2nd period - Snap shot by Peter Olvecky.
12:05 of 2nd period - Shot Misses the Net.
13:09 of 2nd period - Craig Smith is hit by John Zeiler and loses puck.
13:10 of 2nd period - Craig Smith from Harfangs is injured at 13:10 of 2nd period (Left Leg).
13:11 of 2nd period - Linus Omark wins face-off versus Petri Kontiola in Harfangs zone.
13:12 of 2nd period - Wrist shot by Tyler Brenner.
13:12 of 2nd period - Shot Misses the Net.
13:40 of 2nd period - Slapshot by Alexandre Picard.
13:40 of 2nd period - Stopped by Sergei Bobrovsky with a rebound.
13:42 of 2nd period - Wrist shot by James Wisniewski.
13:42 of 2nd period - Shot Misses the Net.
13:44 of 2nd period - Snap shot by Peter Olvecky.
13:44 of 2nd period - Shot Misses the Net.
13:46 of 2nd period - Snap shot by Peter Olvecky.
13:46 of 2nd period - Goal by Peter Olvecky - Harfangs : 3 - Atomiques : 0.
13:47 of 2nd period - Petri Kontiola wins face-off versus Logan Couture in neutral zone.
14:49 of 2nd period - Slapshot by James Wisniewski.
14:49 of 2nd period - Stopped by Sergei Bobrovsky with a rebound.
14:51 of 2nd period - Wrist shot by Drew Shore.
14:51 of 2nd period - Shot Blocked by Casey Borer.
14:53 of 2nd period - Slapshot by James Wisniewski.
14:53 of 2nd period - Shot Misses the Net.
14:55 of 2nd period - Wrist shot by Kyle Palmieri.
14:55 of 2nd period - Stopped by Sergei Bobrovsky without a rebound.
14:56 of 2nd period - Petri Kontiola wins face-off versus Logan Couture in Atomiques zone.
14:57 of 2nd period - Slapshot by Stefan Ruzicka.
14:57 of 2nd period - Shot Blocked by Alexander Sulzer.
14:59 of 2nd period - Wrist shot by Stefan Ruzicka.
14:59 of 2nd period - Shot Misses the Net.
15:01 of 2nd period - Slapshot by Mark Giordano.
15:01 of 2nd period - Shot Hit the Post.
15:03 of 2nd period - Slapshot by Victor Bartley.
15:03 of 2nd period - Shot Misses the Net.
15:05 of 2nd period - Snap shot by Stefan Ruzicka.
15:05 of 2nd period - Shot Misses the Net.
15:07 of 2nd period - Snap shot by Chris Kreider.
15:07 of 2nd period - Shot Blocked by Alexandre Daigle.
15:14 of 2nd period - Minor Penalty to Linus Omark for Hooking.
15:15 of 2nd period - Petri Kontiola wins face-off versus Tyler Brenner in Atomiques zone.
15:17 of 2nd period - Snap shot by Petri Kontiola.
15:17 of 2nd period - Stopped by Sergei Bobrovsky with a rebound.
15:53 of 2nd period - Clayton Stoner is hit by Alex Killorn.
16:11 of 2nd period - James Wisniewski is hit by Brett Sutter.
16:59 of 2nd period - Mark Giordano is hit by Kyle Wharton and loses puck.
17:04 of 2nd period - Snap shot by Logan Couture.
17:04 of 2nd period - Goal by Logan Couture - Harfangs : 3 - Atomiques : 1.
17:05 of 2nd period - Tyler Brenner wins face-off versus Petri Kontiola in neutral zone.
17:14 of 2nd period - Penalty to Linus Omark is over, Linus Omark is back on ice.
17:32 of 2nd period - Wrist shot by Linus Omark.
17:32 of 2nd period - Stopped by Robin Lehner with a rebound.
17:53 of 2nd period - Slapshot by Davis Drewiske.
17:53 of 2nd period - Stopped by Robin Lehner without a rebound.
17:54 of 2nd period - Alex Killorn wins face-off versus Drew Larman in Harfangs zone.
18:21 of 2nd period - Snap shot by Petri Kontiola.
18:21 of 2nd period - Deflect By Chris Kreider.
18:21 of 2nd period - Stopped by Sergei Bobrovsky without a rebound.
18:22 of 2nd period - Petri Kontiola wins face-off versus Tyler Brenner in Atomiques zone.
18:31 of 2nd period - Slapshot by Alexander Sulzer.
18:31 of 2nd period - Stopped by Robin Lehner without a rebound.
18:32 of 2nd period - Petri Kontiola wins face-off versus Logan Couture in Harfangs zone.
18:39 of 2nd period - Snap shot by Stefan Ruzicka.
18:39 of 2nd period - Shot Misses the Net.
18:41 of 2nd period - Slapshot by James Wisniewski.
18:41 of 2nd period - Deflect By Petri Kontiola.
18:41 of 2nd period - Shot Misses the Net.
18:41 of 2nd period - Puck is out of play.
18:42 of 2nd period - Logan Couture wins face-off versus Petri Kontiola in Atomiques zone.
18:42 of 2nd period - Logan Couture is hit by Chris Kreider.
18:48 of 2nd period - Slapshot by Alexander Sulzer.
18:48 of 2nd period - Shot Misses the Net.
18:57 of 2nd period - Minor Penalty to Linus Omark for Tripping.
18:58 of 2nd period - Petri Kontiola wins face-off versus Andrew Kozek in Atomiques zone.
19:36 of 2nd period - Davis Drewiske is hit by Alex Killorn.
Goals for this period are 2 for Harfangs vs 1 for Atomiques.
Shots for this period are 9 for Harfangs vs 8 for Atomiques.

3rd period


0:01 of 3rd period - Tyler Brenner wins face-off versus Petri Kontiola in neutral zone.
0:57 of 3rd period - Penalty to Linus Omark is over, Linus Omark is back on ice.
0:59 of 3rd period - Slapshot by Alexandre Picard.
0:59 of 3rd period - Stopped by Sergei Bobrovsky without a rebound.
1:00 of 3rd period - Logan Couture wins face-off versus Alex Killorn in Atomiques zone.
1:11 of 3rd period - Slapshot by Peter Olvecky.
1:11 of 3rd period - Shot Misses the Net.
1:30 of 3rd period - Icing by Michal Repik.
1:31 of 3rd period - Drew Larman wins face-off versus Drew Shore in Harfangs zone.
1:34 of 3rd period - Snap shot by Nick Johnson.
1:34 of 3rd period - Stopped by Robin Lehner with a rebound.
1:40 of 3rd period - Snap shot by Michal Repik.
1:40 of 3rd period - Deflect By Tomas Tatar.
1:40 of 3rd period - Stopped by Sergei Bobrovsky without a rebound.
1:41 of 3rd period - Logan Couture wins face-off versus Alex Killorn in Atomiques zone.
2:18 of 3rd period - Snap shot by Brad Winchester.
2:18 of 3rd period - Stopped by Robin Lehner without a rebound.
2:19 of 3rd period - Alex Killorn wins face-off versus Brett Sutter in Harfangs zone.
2:44 of 3rd period - Alexander Sulzer is hit by Mark Giordano and loses puck.
3:23 of 3rd period - Wrist shot by John McCarthy.
3:23 of 3rd period - Stopped by Robin Lehner with a rebound.
3:53 of 3rd period - Wrist shot by Roman Wick.
3:53 of 3rd period - Shot Misses the Net.
4:12 of 3rd period - Slapshot by Alexandre Daigle.
4:12 of 3rd period - Shot Blocked by James Wisniewski.
4:24 of 3rd period - Minor Penalty to Chris Kreider for Interference.
4:25 of 3rd period - Petri Kontiola wins face-off versus Logan Couture in Harfangs zone.
4:34 of 3rd period - Davis Drewiske is hit by Petri Kontiola and loses puck.
6:24 of 3rd period - Penalty to Chris Kreider is over, Chris Kreider is back on ice.
6:32 of 3rd period - Wrist shot by Andrew Kozek.
6:32 of 3rd period - Stopped by Robin Lehner with a rebound.
7:24 of 3rd period - Clayton Stoner is hit by Dustin Jeffrey and loses puck.
7:49 of 3rd period - Backhand shot by Brad Winchester.
7:49 of 3rd period - Deflect By John Zeiler.
7:49 of 3rd period - Shot Blocked by James Wisniewski.
7:49 of 3rd period - Puck is out of play.
7:50 of 3rd period - Tyler Brenner wins face-off versus Drew Shore in Harfangs zone.
9:08 of 3rd period - Wrist shot by Linus Omark.
9:08 of 3rd period - Deflect By Logan Couture.
9:08 of 3rd period - Stopped by Robin Lehner with a rebound.
9:10 of 3rd period - Snap shot by Alexandre Daigle.
9:10 of 3rd period - Stopped by Robin Lehner with a rebound.
9:12 of 3rd period - Snap shot by Linus Omark.
9:12 of 3rd period - Deflect By Alexandre Daigle.
9:12 of 3rd period - Shot Misses the Net.
9:12 of 3rd period - Puck is out of play.
9:13 of 3rd period - Alex Killorn wins face-off versus Tyler Brenner in Harfangs zone.
9:20 of 3rd period - Slapshot by Brad Winchester.
9:20 of 3rd period - Stopped by Robin Lehner with a rebound.
9:22 of 3rd period - Slapshot by Tyler Brenner.
9:22 of 3rd period - Stopped by Robin Lehner without a rebound.
9:23 of 3rd period - Brad Winchester wins face-off versus Peter Olvecky in Harfangs zone.
10:07 of 3rd period - Snap shot by John Zeiler.
10:07 of 3rd period - Stopped by Robin Lehner with a rebound.
10:09 of 3rd period - Snap shot by Brad Winchester.
10:09 of 3rd period - Stopped by Robin Lehner without a rebound.
10:10 of 3rd period - Logan Couture wins face-off versus Chris Kreider in Harfangs zone.
10:15 of 3rd period - Snap shot by Alexandre Daigle.
10:15 of 3rd period - Shot Blocked by James Wisniewski.
10:42 of 3rd period - Slapshot by Linus Omark.
10:42 of 3rd period - Shot Misses the Net.
10:44 of 3rd period - Snap shot by Alexandre Daigle.
10:44 of 3rd period - Shot Misses the Net.
10:46 of 3rd period - Snap shot by Davis Drewiske.
10:46 of 3rd period - Shot Misses the Net.
11:04 of 3rd period - Snap shot by Alexandre Daigle.
11:04 of 3rd period - Stopped by Robin Lehner without a rebound.
11:05 of 3rd period - Stefan Ruzicka wins face-off versus Tyler Brenner in Harfangs zone.
11:50 of 3rd period - Snap shot by John McCarthy.
11:50 of 3rd period - Shot Blocked by Tomas Tatar.
11:52 of 3rd period - Slapshot by Scott Jackson.
11:52 of 3rd period - Stopped by Robin Lehner with a rebound.
11:56 of 3rd period - Snap shot by John McCarthy.
11:56 of 3rd period - Stopped by Robin Lehner with a rebound.
11:58 of 3rd period - Slapshot by Drew Larman.
11:58 of 3rd period - Stopped by Robin Lehner with a rebound.
12:10 of 3rd period - Stefan Ruzicka is hit by Tyler Brenner and loses puck.
12:57 of 3rd period - Off-side.
12:58 of 3rd period - Drew Shore wins face-off versus Tyler Brenner in neutral zone.
13:02 of 3rd period - Off-side.
13:03 of 3rd period - Tyler Brenner wins face-off versus Petri Kontiola in neutral zone.
13:11 of 3rd period - Minor Penalty to Stefan Ruzicka for Interference.
13:12 of 3rd period - Petri Kontiola wins face-off versus Logan Couture in Harfangs zone.
14:33 of 3rd period - Snap shot by Peter Olvecky.
14:33 of 3rd period - Stopped by Sergei Bobrovsky with a rebound.
14:35 of 3rd period - Wrist shot by Peter Olvecky.
14:35 of 3rd period - Shot Misses the Net.
14:57 of 3rd period - Davis Drewiske is hit by Petri Kontiola and loses puck.
15:08 of 3rd period - Alexandre Daigle is hit by Drew Shore and loses puck.
15:11 of 3rd period - Penalty to Stefan Ruzicka is over, Stefan Ruzicka is back on ice.
15:45 of 3rd period - Snap shot by John McCarthy.
15:45 of 3rd period - Shot Misses the Net.
15:53 of 3rd period - Slapshot by Nick Johnson.
15:53 of 3rd period - Stopped by Robin Lehner without a rebound.
15:54 of 3rd period - Petri Kontiola wins face-off versus Drew Larman in Harfangs zone.
16:05 of 3rd period - John McCarthy is hit by Stefan Ruzicka and loses puck.
16:16 of 3rd period - Mark Giordano is hit by Nick Johnson and loses puck.
16:40 of 3rd period - Ryan Shannon is hit by Tomas Tatar and loses puck.
16:54 of 3rd period - Minor Penalty to Linus Omark for Holding.
16:55 of 3rd period - Petri Kontiola wins face-off versus Tyler Brenner in Atomiques zone.
16:58 of 3rd period - Slapshot by Stefan Ruzicka.
16:58 of 3rd period - Stopped by Sergei Bobrovsky without a rebound.
16:59 of 3rd period - Tyler Brenner wins face-off versus Petri Kontiola in Atomiques zone.
17:08 of 3rd period - Tyler Brenner is hit by Petri Kontiola and loses puck.
17:15 of 3rd period - Slapshot by Alexandre Picard.
17:15 of 3rd period - Shot Misses the Net.
18:43 of 3rd period - Kyle Wharton is hit by Victor Bartley and loses puck.
18:54 of 3rd period - Penalty to Linus Omark is over, Linus Omark is back on ice.
18:58 of 3rd period - Wrist shot by Tomas Tatar.
18:58 of 3rd period - Stopped by Sergei Bobrovsky with a rebound.
Goals for this period are 0 for Harfangs vs 0 for Atomiques.
Shots for this period are 5 for Harfangs vs 15 for Atomiques.


Output by the SimonT Hockey Simulator (STHS) for François Prévost -- Original Page W3C XHTML 1.0 Valid
Hockey Simulator - Hockey Simulation - Hockey Manager